 Dungeon Crawl Stone Soup version 0.22-a0-570-g58866f5 (webtiles) character file.

180 iamserjio the Shield-Bearer (level 5, 0/33 HPs)
             Began as a Gargoyle Fighter on June 30, 2018.
             Was an Initiate of Trog.
             Slain by a white imp (3 damage)
             ... summoned by Natasha
             ... on level 3 of the Dungeon.
             The game lasted 00:06:04 (660 turns).

iamserjio the Shield-Bearer (Gargoyle Fighter)       Turns: 660, Time: 00:06:05

Health: 0/33       AC: 14    Str: 20    XL:     5   Next: 60%
Magic:  5/5        EV:  7    Int:  8    God:    Trog [......]
Gold:   16         SH:  9    Dex: 10    Spells: 4/4 levels left

rFire    . . .     SeeInvis .   a - +0 war axe
rCold    . . .     Gourm    .   c - +0 shield
rNeg     + . .     Faith    +   b - +0 scale mail
rPois    ∞         Spirit   .   d - +0 helmet
rElec    +         Reflect  .   (no cloak)
rCorr    .         Harm     .   (no gloves)
MR       .....                  (no boots)
Stlth    ..........             j - amulet of faith
HPRegen  0.11/turn              (no ring)
MPRegen  0.09/turn              (no ring)

@: hasted and slowed
A: talons 1, thin metallic scales 1, blurry vision 1, mutation resistance 1,
negative energy resistance 1, electricity resistance, unbreathing, petrification
resistance, rot immunity, AC +4
a: Renounce Religion


You were on level 3 of the Dungeon.
You worshipped Trog.
Trog was noncommittal.
You were not hungry.

You visited 2 branches of the dungeon, and saw 7 of its levels.

You collected 90 gold pieces.
You spent 74 gold pieces at shops.

Inventory:

Hand Weapons
 a - a +0 war axe (weapon)
Missiles
 n - 11 poisoned needles
 r - 7 needles of frenzy
 u - 7 needles of sleeping {!f}
 v - 6 curare-tipped needles {!f}
 x - 3 javelins (quivered)
Armour
 b - a +0 scale mail (worn)
 c - a +0 shield (worn)
 d - a +0 helmet (worn)
Jewellery
 j - an amulet of faith (around neck)
 m - a +5 amulet of reflection {unknown}
 s - a +5 ring of protection {unknown}
Scrolls
 g - a scroll of enchant weapon {unknown}
 h - a scroll of teleportation {unknown}
 i - 3 scrolls of immolation {unknown}
 k - a scroll of fog {unknown}
 l - a scroll of identify {unknown}
 t - a scroll of remove curse {unknown}
 w - a scroll of enchant armour {unknown}
Potions
 e - a potion of heal wounds {unknown}
Comestibles
 f - 4 rations
 z - a chunk of flesh


   Skills:
 + Level 4.0 Fighting
 * Level 3.2 Axes
 + Level 4.0 Armour
 * Level 4.7 Shields


You had 4 spell levels left.
You didn't know any spells.
Your spell library was empty.

Dungeon Overview and Level Annotations

Branches:
Dungeon (6/15)             Temple (1/1) D:4

Altars:
Dithmenos
Gozag
Makhleb
Nemelex Xobeh
Okawaru
Qazlal
Ru
Sif Muna
Trog
Vehumet
Xom
Yredelemnul
Zin
The Shining One

Shops:
D:5 (

Annotations:
D:3 Natasha


Innate Abilities, Weirdness & Mutations

You are resistant to torment.
Your stone body is resilient. (AC +4)
You are immune to poison.
You resist negative energy. (rN+)
You are resistant to electric shocks. (rElec)
You can survive without breathing.
You are immune to petrification.
You are immune to rotting.
You have sharp toenails.
You are partially covered in thin metallic scales. (AC +2)
Scrolls take you a little longer to read.
You are somewhat resistant to further mutation.


Message History

You closely miss the orc. You block the bat's attack.
The orc barely misses you. Natasha barely misses you.
The white imp laughs crazily.
The white imp hits you but does no damage.
The crimson imp blinks!
Natasha claws you but does no damage. The orc barely misses you.
The white imp hits you.
* * * LOW HITPOINT WARNING * * *
The white imp freezes you.
* * * LOW HITPOINT WARNING * * *
It was a potion of haste.
You feel yourself speed up. The bat hits you but does no damage.
Natasha barely misses you. You block the orc's attack.
The crimson imp blinks!
The white imp hits you but does no damage.
Natasha closely misses you.
It was a potion of mutation.
You feel extremely strange.
Your toenails lengthen and sharpen.
Your vision blurs.
You feel genetically stable.
Thin metallic scales grow over part of your body.
The bat hits you but does no damage. The white imp hits you.
You die...

#.....# .#
..###### #......
.(..... [....(.<
#.....##
#.....?....#####.
#.....#
######.........
#.
##..............
..
##...............
###
#..........5.....
#.....)†o........
#....§b@h........
#.......5........
#...<....>.##...
##...)...........
#........####...
#.......... .
#..........#
#..........#
..........#


You could see Natasha, a crimson imp, a white imp, an orc and a bat.

Vanquished Creatures
  2 bullfrog skeletons
  Natasha (D:3)
  A worker ant (D:4)
  A hound zombie (D:5)
  Robin (D:2)
  An adder (D:2)
  A worm (D:3)
  A dart slug (D:1)
  2 leopard geckos
  An orc (D:5)
  4 bats
  10 goblins
  2 hobgoblins (D:2)
  2 jackals (D:5)
  A quokka (D:4)
  4 kobolds
  A rat (D:1)
36 creatures vanquished.

Notes
Turn   | Place    | Note
-------+----------+-------------------------------------------
     0 | D:1      | iamserjio the Gargoyle Fighter began the quest for the Orb.
     0 | D:1      | Reached XP level 1. HP: 14/14 MP: 1/1
    53 | D:1      | Reached XP level 2. HP: 15/19 MP: 2/2
   223 | D:2      | Noticed Robin
   226 | D:2      | Reached XP level 3. HP: 18/23 MP: 3/3
   235 | D:2      | Killed Robin
   330 | D:4      | Found a staircase to the Ecumenical Temple.
   342 | Temple   | Entered the Ecumenical Temple
   359 | Temple   | Became a worshipper of Trog the Wrathful
   394 | D:4      | Reached XP level 4. HP: 16/29 MP: 4/4
   488 | D:5      | Entered Level 5 of the Dungeon
   504 | D:5      | Found Zemmip's Weapon Shoppe.
   507 | D:5      | Bought 7 needles of sleeping for 49 gold pieces
   507 | D:5      | Bought 3 curare-tipped needles for 25 gold pieces
   588 | D:5      | Reached XP level 5. HP: 29/33 MP: 5/5
   638 | D:3      | Noticed Natasha
   650 | D:3      | Killed Natasha
   653 | D:3      | Noticed Natasha
   660 | D:3      | Gained mutation: You have sharp toenails. [potion of mutation]
   660 | D:3      | Gained mutation: Scrolls take you a little longer to read. [potion of mutation]
   660 | D:3      | Gained mutation: You are somewhat resistant to further mutation. [potion of mutation]
   660 | D:3      | Gained mutation: You are partially covered in thin metallic scales. (AC +2) [potion of mutation]
   660 | D:3      | Slain by a white imp

Vault maps used:
D:1:      lightli_arrival_statuegarden
D:2:      minmay_tetromino_s2, uniq_robin, uniq_terence
D:3:      first_ration, hangedman_decor_diamond_cutter, uniq_natasha
D:4:      minmay_temple_entry_junction, nrook_mini_vaults, uniq_ijyb
D:5:      serial_shops, kennysheep_mini, nicolae_shop_trees, nicolae_shop_trees,
          shop, uniq_grinder
Temple:   grunt_wide_crystal_templ

Skill      XL: |  1  2  3  4  5 |
---------------+----------------+-----
Axes           | 2 3 |  3.2
Shields        | 4 |  4.7
Armour         | 4 |  4.0
Fighting       | 4 |  4.0

Action                   |  1- 3 |  4- 6 || total
-------------------------+-------+-------++-------
Melee: War axe           |    92 |    45 ||   137
  Use: Potion            |     2 |     3 ||     5
Armor: Scale mail        |    85 |    41 ||   126
Dodge: Dodged            |    49 |    29 ||    78
Block: Shield            |    71 |    46 ||   117

Table legend:
 A = Spawn XP
 B = Non-spawn XP
 C = Spawn XP percentage of total XP
 D = Spawn monster count
 E = Non-spawn monster count
 F = Spawn count percentage of total count
 G = Total turns spent on level
                    A         B        C        D         E        F      G
               +---------+---------+-------+---------+---------+-------+---------
         Total |       0 |     258 |   0.0 |       0 |      36 |   0.0 |   660
               +---------+---------+-------+---------+---------+-------+---------
           D:1 |       0 |      12 |   0.0 |       0 |       6 |   0.0 |   104
           D:2 |       0 |      50 |   0.0 |       0 |      15 |   0.0 |   147
           D:3 |       0 |      48 |   0.0 |       0 |       6 |   0.0 |    72
           D:4 |       0 |      74 |   0.0 |       0 |       3 |   0.0 |   197
           D:5 |       0 |      74 |   0.0 |       0 |       6 |   0.0 |   106
               +---------+---------+-------+---------+---------+-------+---------
